Falcons vs Stars

Created - Sunday, October 18, 2015 at 02:48

Goals
1 2 3 T
Falcons 1 1 0 2
Stars 0 1 0 1
Shots
1 2 3 T
Falcons 5 9 7 21
Stars 7 7 9 23

1st period

1. Falcons , Joey Hishon 2 (Greg Rallo) at 16:14

Penalties :
Nathan Beaulieu (SPR) for Delaying the game (Minor) at 10:21

2nd period

2. Stars , Brandon Kozun 3 (Zac Dalpe) at 1:16 (PP)
3. Falcons , Jacob De La Rose 1 (Tobias Rieder) at 2:06

Penalties :
Michael Kostka (SPR) for Holding (Minor) at 0:21, Zach Sill (TEX) for Holding (Minor) at 2:32, Eric Tangradi (SPR) for High sticking (Minor) at 4:57, Steven Delisle (TEX) for Fighting (Major) at 7:24, Eric Tangradi (SPR) for Fighting (Major) at 7:24

3rd period

No Goal

Penalties :
Drayson Bowman (SPR) for Roughing (Minor) at 11:26

Goalie Stats

Malcolm Subban (SPR), 22 saves from 23 shots - (0.957), W, 2-0-1, 60:00 minutes
Justin Peters (TEX), 19 saves from 21 shots - (0.905), L, 2-3-1, 59:11 minutes

Players Stats for Falcons

Player Name              G  A  P  +/- PIM S  H  SB GA TA FO     MP     PP MP  PK MP  
------------------------------------------------------------------------------------
Brett Bulmer             0  0  0   0  0   2  0  0  1  0  0/0     9:22   0:00   0:00 
Colton Parayko           0  0  0   0  0   1  1  1  0  1  0/0    20:56   0:43   1:35 
Dave Steckel             0  0  0   0  0   0  0  1  0  1  3/5     9:22   0:00   0:00 
Drayson Bowman           0  0  0   1  2   1  0  0  1  1  0/0    16:27   0:51   0:00 
Duncan Siemens           0  0  0   1  0   0  1  1  0  0  0/0    16:35   0:00   1:59 
Emile Poirier            0  0  0   0  0   1  0  0  1  0  0/1    16:35   0:00   2:30 
Eric Tangradi            0  0  0   0  7   0  2  0  0  2  1/1    14:35   0:00   0:00 
Freddie Hamilton         0  0  0   1  0   2  1  1  1  0  0/1    14:54   1:08   1:17 
Greg Rallo               0  1  1   1  0   3  0  1  0  1  0/0    16:34   0:51   0:00 
Jacob De La Rose         1  0  1   1  0   4  3  0  1  2  1/1    17:41   1:08   2:07 
Joey Hishon              1  0  1   1  0   1  0  1  2  0  7/12   15:18   0:00   0:00 
Markus Granlund          0  0  0   0  0   5  1  3  2  0  4/9    21:09   0:51   4:19 
Michael Kostka           0  0  0   1  2   0  2  0  0  2  0/0    19:04   1:16   4:22 
Nathan Beaulieu          0  0  0   1  2   0  1  3  0  3  0/0    23:23   1:16   4:13 
Slater Koekkoek          0  0  0   0  0   0  1  1  0  0  0/0     4:56   0:00   0:00 
Tobias Rieder            0  1  1   1  0   1  2  2  4  0  6/13   21:08   1:08   3:31 
Ville Pokka              0  0  0   0  0   0  5  4  1  3  0/0    20:56   0:43   1:35 
Vincent LoVerde          0  0  0   1  0   0  2  0  0  1  0/0    14:08   0:00   0:00 

Players Stats for Stars

Player Name              G  A  P  +/- PIM S  H  SB GA TA FO     MP     PP MP  PK MP  
------------------------------------------------------------------------------------
Alexandre Grenier        0  0  0   0  0   1  3  0  0  0  1/1    16:45   0:22   0:00 
Austin Madaisky          0  0  0  -1  0   0  1  1  0  2  0/0    25:14   2:56   0:38 
Brandon Kozun            1  0  1  -1  0   2  1  4  3  0  1/1    18:26   2:54   0:00 
Brent Sopel              0  0  0   0  0   1  1  0  0  0  0/0    12:26   0:58   0:00 
Brett Ritchie            0  0  0  -1  0   0  3  0  2  0  1/3    21:34   3:05   1:31 
Cameron Gaunce           0  0  0  -2  0   0  0  3  0  0  0/0    25:33   3:26   0:38 
Derrick Pouliot          0  0  0   0  0   0  0  1  0  0  0/0    27:06   2:54   1:21 
Jason Williams           0  0  0   0  0   6  0  0  1  0  6/6     6:27   0:00   0:00 
John Albert              0  0  0   0  0   1  2  0  0  1  1/5    18:23   0:59   0:28 
Jonathan Diaby           0  0  0   0  0   0  0  0  0  0  0/0     0:00   0:00   0:00 
Justin Shugg             0  0  0  -1  0   0  2  0  0  0  0/0    20:15   2:53   1:03 
Miikka Salomaki          0  0  0   0  0   3  3  0  8  0  0/0    16:23   0:00   0:00 
Nick Jones               0  0  0   0  0   0  0  0  0  0  0/0     4:21   0:32   0:00 
Nicolas Blanchard        0  0  0  -1  0   0  1  0  0  0  0/0     2:12   0:00   0:00 
Paul Thompson            0  0  0   0  0   4  0  2  3  2  0/0    21:18   3:31   0:56 
Steven Delisle           0  0  0  -1  5   1  2  0  0  2  0/0    25:19   2:58   1:21 
Zac Dalpe                0  1  1  -1  0   0  0  0  3  0  3/10   18:46   2:59   0:00 
Zach Sill                0  0  0  -1  2   4  0  1  2  0  8/17   17:31   3:53   0:00 

3 Stars

1 - Malcolm Subban (SPR)
2 - Jacob De La Rose (SPR)
3 - Joey Hishon (SPR)

Power Play

Falcons - 0 on 1 Attempt(s) - 0.00%
Stars - 1 on 4 Attempt(s) - 25.00%

Penalty Kill

Falcons - 3 on 4 Attempt(s) - 75.00% - Score 0 goal in Penalty Kill
Stars - 1 on 1 Attempt(s) - 100.00% - Score 0 goal in Penalty Kill

Team Stat

Falcons - Hits : 22 - Faceoff Wins : 22 - Blocked Shots : 19 - Penalty Minutes : 13
Stars - Hits : 19 - Faceoff Wins : 21 - Blocked Shots : 12 - Penalty Minutes : 7

Official

Referees : Unknown
Linesman : Unknown

Game Notes

Steven Delisle beats up Eric Tangradi at 7:24 of 2nd period

Finance

Level 1 -- Attendance: 1368 (68.40%) -- Ticket Income $47,880
Level 2 -- Attendance: 736 (73.60%) -- Ticket Income $11,040
Total Attendance: 2104 (70.13%)
Total Ticket Income: $58,920
Other Income: $28,871
Total Income: $87,791

Falcons

5 vs 5 Forward 
   Center                   Left Wing                Right Wing               Time % Phy DF OF 
 1 Tobias Rieder            Jacob De La Rose         Freddie Hamilton         35     1   2  2  
 2 Markus Granlund          Drayson Bowman           Greg Rallo               30     1   2  2  
 3 Joey Hishon              Eric Tangradi            Emile Poirier            22     1   2  2  
 4 Dave Steckel             Brett Bulmer             Tobias Rieder            13     1   2  2  

5 vs 5 Defense 
   Defense                  Defense                                           Time % Phy DF OF 
 1 Nathan Beaulieu          Michael Kostka                                    35     1   2  2  
 2 Colton Parayko           Ville Pokka                                       30     1   2  2  
 3 Vincent LoVerde          Duncan Siemens                                    22     1   2  2  
 4 Slater Koekkoek          Nathan Beaulieu                                   13     1   2  2  

PowerPlay Forward 
   Center                   Left Wing                Right Wing               Time % Phy DF OF 
 1 Tobias Rieder            Jacob De La Rose         Freddie Hamilton         60     1   2  2  
 2 Markus Granlund          Drayson Bowman           Greg Rallo               40     1   2  2  

PowerPlay Defense
   Defense                  Defense                                           Time % Phy DF OF 
 1 Nathan Beaulieu          Michael Kostka                                    60     1   2  2  
 2 Colton Parayko           Ville Pokka                                       40     1   2  2  

Penalty Kill 4 Players Forward 
   Center                   Wing                     Time % Phy DF OF 
 1 Tobias Rieder            Markus Granlund          60     1   2  2  
 2 Jacob De La Rose         Freddie Hamilton         40     1   2  2  

Penalty Kill 4 Players Defense
   Defense                  Defense                  Time % Phy DF OF 
 1 Nathan Beaulieu          Michael Kostka           60     1   2  2  
 2 Colton Parayko           Ville Pokka              40     1   2  2  

Penalty Kill - 3 Players Forward 
   Forward                                           Time % Phy DF OF 
 1 Tobias Rieder                                     60     1   2  2  
 2 Markus Granlund                                   40     1   2  2  

Penalty Kill - 3 Players Defense
   Defense                  Defense                  Time % Phy DF OF 
 1 Nathan Beaulieu          Michael Kostka           60     1   2  2  
 2 Colton Parayko           Ville Pokka              40     1   2  2  

4 vs 4 Forward 
   Center                   Wing                     Time % Phy DF OF 
 1 Tobias Rieder            Markus Granlund          60     1   2  2  
 2 Jacob De La Rose         Freddie Hamilton         40     1   2  2  

4 vs 4 Defense
   Defense                  Defense                  Time % Phy DF OF 
 1 Nathan Beaulieu          Michael Kostka           60     1   2  2  
 2 Colton Parayko           Ville Pokka              40     1   2  2  

Last Minutes Offensive
   Center                   Left Wing                Right Wing               Defense                  Defense                  
   Tobias Rieder            Jacob De La Rose         Freddie Hamilton         Nathan Beaulieu          Michael Kostka           

Last Minutes Defensive
   Center                   Left Wing                Right Wing               Defense                  Defense                  
   Tobias Rieder            Jacob De La Rose         Freddie Hamilton         Nathan Beaulieu          Michael Kostka           

Goaltenders
Starting : Malcolm Subban           
Backup : Christopher Gibson       

Extra Forwards
Normal : Eric Tangradi, Joey Hishon, Emile Poirier - PP : Eric Tangradi, Joey Hishon - PK : Emile Poirier
Extra Defensemen
Normal : Vincent LoVerde, Duncan Siemens, Slater Koekkoek - PP : Vincent LoVerde - PK : Duncan Siemens, Slater Koekkoek
Penalty Shots
Tobias Rieder, Markus Granlund, Jacob De La Rose, Freddie Hamilton, Drayson Bowman

Stars

5 vs 5 Forward 
   Center                   Left Wing                Right Wing               Time % Phy DF OF 
 1 Zach Sill                Paul Thompson            Brett Ritchie            35     1   2  2  
 2 Zac Dalpe                Justin Shugg             Brandon Kozun            30     1   2  2  
 3 John Albert              Miikka Salomaki          Alexandre Grenier        22     1   2  2  
 4 Jason Williams           Brett Ritchie            Paul Thompson            13     1   2  2  

5 vs 5 Defense 
   Defense                  Defense                                           Time % Phy DF OF 
 1 Derrick Pouliot          Steven Delisle                                    35     1   2  2  
 2 Austin Madaisky          Cameron Gaunce                                    30     1   2  2  
 3 Steven Delisle           Derrick Pouliot                                   22     1   2  2  
 4 Derrick Pouliot          Austin Madaisky                                   13     1   2  2  

PowerPlay Forward 
   Center                   Left Wing                Right Wing               Time % Phy DF OF 
 1 Zach Sill                Paul Thompson            Brett Ritchie            60     1   2  2  
 2 Zac Dalpe                Justin Shugg             Brandon Kozun            40     1   2  2  

PowerPlay Defense
   Defense                  Defense                                           Time % Phy DF OF 
 1 Derrick Pouliot          Steven Delisle                                    60     1   2  2  
 2 Austin Madaisky          Cameron Gaunce                                    40     1   2  2  

Penalty Kill 4 Players Forward 
   Center                   Wing                     Time % Phy DF OF 
 1 Brett Ritchie            Zach Sill                60     1   2  2  
 2 Brandon Kozun            Zac Dalpe                40     1   2  2  

Penalty Kill 4 Players Defense
   Defense                  Defense                  Time % Phy DF OF 
 1 Derrick Pouliot          Steven Delisle           60     1   2  2  
 2 Austin Madaisky          Cameron Gaunce           40     1   2  2  

Penalty Kill - 3 Players Forward 
   Forward                                           Time % Phy DF OF 
 1 Brett Ritchie                                     60     1   2  2  
 2 Zach Sill                                         40     1   2  2  

Penalty Kill - 3 Players Defense
   Defense                  Defense                  Time % Phy DF OF 
 1 Derrick Pouliot          Steven Delisle           60     1   2  2  
 2 Austin Madaisky          Cameron Gaunce           40     1   2  2  

4 vs 4 Forward 
   Center                   Wing                     Time % Phy DF OF 
 1 Brett Ritchie            Zach Sill                60     1   2  2  
 2 Paul Thompson            Zac Dalpe                40     1   2  2  

4 vs 4 Defense
   Defense                  Defense                  Time % Phy DF OF 
 1 Derrick Pouliot          Steven Delisle           60     1   2  2  
 2 Austin Madaisky          Cameron Gaunce           40     1   2  2  

Last Minutes Offensive
   Center                   Left Wing                Right Wing               Defense                  Defense                  
   Zach Sill                Zac Dalpe                Brett Ritchie            Derrick Pouliot          Austin Madaisky          

Last Minutes Defensive
   Center                   Left Wing                Right Wing               Defense                  Defense                  
   Zach Sill                Zac Dalpe                Brett Ritchie            Derrick Pouliot          Austin Madaisky          

Goaltenders
Starting : Justin Peters            
Backup : Pat Nagle                

Extra Forwards
Normal : John Albert, Alexandre Grenier, Paul Thompson - PP : John Albert, Alexandre Grenier - PK : Paul Thompson
Extra Defensemen
Normal : Steven Delisle, Derrick Pouliot, Austin Madaisky - PP : Steven Delisle - PK : Derrick Pouliot, Austin Madaisky
Penalty Shots
Brett Ritchie, Zach Sill, John Albert, Zac Dalpe, Brandon Kozun

% Time on Ice - Falcons

Lines # - Real PCT - Wanted PCT - Time Play
Normal Forward
1 - 23% - 35% - 11:43
2 - 31% - 30% - 15:59
3 - 28% - 22% - 14:05
4 - 18% - 13% - 9:22
Normal Defense
1 - 26% - 35% - 13:27
2 - 36% - 30% - 18:38
3 - 28% - 22% - 14:08
4 - 10% - 13% - 4:56
PP Forward
1 - 57% - 60% - 1:08
2 - 43% - 40% - 0:51
PP Defense
1 - 64% - 60% - 1:16
2 - 36% - 40% - 0:43
PK Forward
1 - 81% - 60% - 5:35
2 - 19% - 40% - 1:17
PK Defense
1 - 77% - 60% - 5:17
2 - 23% - 40% - 1:35
PK3 Forward
1 - 0% - 60%
2 - 0% - 40%
PK3 Defense
1 - 0% - 60%
2 - 0% - 40%
44 Forward
1 - 0% - 60%
2 - 0% - 40%
44 Defense
1 - 0% - 60%
2 - 0% - 40%
Last Minute Offensive  - 0:00
Last Minute Defensive  - 0:00
Total
Forward - 60:00
Defense - 60:00

% Time on Ice - Stars

Lines # - Real PCT - Wanted PCT - Time Play
Normal Forward
1 - 26% - 35% - 12:56
2 - 30% - 30% - 15:04
3 - 32% - 22% - 16:23
4 - 12% - 13% - 6:03
Normal Defense
1 - 38% - 35% - 19:18
2 - 33% - 30% - 16:50
3 - 17% - 22% - 8:42
4 - 11% - 13% - 5:36
PP Forward
1 - 57% - 60% - 3:53
2 - 43% - 40% - 2:59
PP Defense
1 - 57% - 60% - 3:56
2 - 43% - 40% - 2:56
PK Forward
1 - 100% - 60% - 1:59
2 - 0% - 40% - 0:00
PK Defense
1 - 68% - 60% - 1:21
2 - 32% - 40% - 0:38
PK3 Forward
1 - 0% - 60%
2 - 0% - 40%
PK3 Defense
1 - 0% - 60%
2 - 0% - 40%
44 Forward
1 - 0% - 60%
2 - 0% - 40%
44 Defense
1 - 0% - 60%
2 - 0% - 40%
Last Minute Offensive  - 0:43
Last Minute Defensive  - 0:00
Total
Forward - 60:00
Defense - 60:00

Play by Play

1st period


0:01 of 1st period - Zach Sill wins face-off versus Tobias Rieder in neutral zone.
0:04 of 1st period - Wrist shot by Zach Sill.
0:04 of 1st period - Stopped by Malcolm Subban without a rebound.
0:05 of 1st period - Zach Sill wins face-off versus Tobias Rieder in Falcons zone.
0:16 of 1st period - Slapshot by Brett Ritchie.
0:16 of 1st period - Shot Blocked by Tobias Rieder.
0:22 of 1st period - Slapshot by Derrick Pouliot.
0:22 of 1st period - Shot Misses the Net.
0:24 of 1st period - Snap shot by Paul Thompson.
0:24 of 1st period - Shot Blocked by Nathan Beaulieu.
0:40 of 1st period - Wrist shot by Zach Sill.
0:40 of 1st period - Shot Blocked by Nathan Beaulieu.
0:42 of 1st period - Slapshot by Steven Delisle.
0:42 of 1st period - Stopped by Malcolm Subban without a rebound.
0:43 of 1st period - Brandon Kozun wins face-off versus Markus Granlund in Falcons zone.
1:18 of 1st period - Wrist shot by Zac Dalpe.
1:18 of 1st period - Shot Misses the Net.
1:20 of 1st period - Wrist shot by Cameron Gaunce.
1:20 of 1st period - Shot Misses the Net.
2:14 of 1st period - Slapshot by Derrick Pouliot.
2:14 of 1st period - Shot Blocked by Joey Hishon.
2:20 of 1st period - Snap shot by Jason Williams.
2:20 of 1st period - Stopped by Malcolm Subban with a rebound.
2:22 of 1st period - Slapshot by Derrick Pouliot.
2:22 of 1st period - Deflect By Jason Williams.
2:22 of 1st period - Stopped by Malcolm Subban without a rebound.
2:23 of 1st period - Jason Williams wins face-off versus Joey Hishon in Falcons zone.
2:59 of 1st period - Wrist shot by Tobias Rieder.
2:59 of 1st period - Shot Blocked by Cameron Gaunce.
3:49 of 1st period - Jacob De La Rose is hit by John Albert and loses puck.
3:57 of 1st period - Off-side.
3:58 of 1st period - Joey Hishon wins face-off versus Zach Sill in neutral zone.
4:43 of 1st period - Jacob De La Rose is hit by Justin Shugg and loses puck.
5:26 of 1st period - Cameron Gaunce is hit by Ville Pokka and loses puck.
5:51 of 1st period - Wrist shot by Greg Rallo.
5:51 of 1st period - Shot Blocked by Cameron Gaunce.
7:16 of 1st period - Cameron Gaunce is hit by Eric Tangradi and loses puck.
7:38 of 1st period - Icing by Michael Kostka.
7:39 of 1st period - Zach Sill wins face-off versus Markus Granlund in Falcons zone.
8:18 of 1st period - Snap shot by Brett Bulmer.
8:18 of 1st period - Stopped by Justin Peters with a rebound.
9:15 of 1st period - Icing by Joey Hishon.
9:16 of 1st period - Joey Hishon wins face-off versus Zac Dalpe in Falcons zone.
9:21 of 1st period - Brandon Kozun is hit by Duncan Siemens and loses puck.
9:31 of 1st period - Icing by Derrick Pouliot.
9:32 of 1st period - Dave Steckel wins face-off versus Zac Dalpe in Stars zone.
9:39 of 1st period - Snap shot by Brett Bulmer.
9:39 of 1st period - Shot Blocked by Brandon Kozun.
9:41 of 1st period - Snap shot by Brett Bulmer.
9:41 of 1st period - Shot Misses the Net.
9:43 of 1st period - Snap shot by Tobias Rieder.
9:43 of 1st period - Stopped by Justin Peters with a rebound.
10:21 of 1st period - Minor Penalty to Nathan Beaulieu for Delaying the game.
10:22 of 1st period - Tobias Rieder wins face-off versus Zach Sill in Falcons zone.
10:27 of 1st period - Snap shot by Markus Granlund.
10:27 of 1st period - Shot Misses the Net.
11:01 of 1st period - Snap shot by Emile Poirier.
11:01 of 1st period - Stopped by Justin Peters with a rebound.
11:45 of 1st period - Slapshot by Paul Thompson.
11:45 of 1st period - Stopped by Malcolm Subban with a rebound.
12:05 of 1st period - Brent Sopel is hit by Jacob De La Rose and loses puck.
12:21 of 1st period - Penalty to Nathan Beaulieu is over, Nathan Beaulieu is back on ice.
12:43 of 1st period - Snap shot by John Albert.
12:43 of 1st period - Stopped by Malcolm Subban with a rebound.
13:41 of 1st period - Markus Granlund is hit by Miikka Salomaki and loses puck.
14:18 of 1st period - Brent Sopel is hit by Ville Pokka and loses puck.
15:20 of 1st period - Alexandre Grenier is hit by Slater Koekkoek.
15:26 of 1st period - Miikka Salomaki is hit by Jacob De La Rose.
15:54 of 1st period - Off-side.
15:55 of 1st period - Joey Hishon wins face-off versus Zach Sill in neutral zone.
16:02 of 1st period - Wrist shot by Joey Hishon.
16:02 of 1st period - Shot Misses the Net.
16:14 of 1st period - Slapshot by Joey Hishon.
16:14 of 1st period - Goal by Joey Hishon - Falcons : 1 - Stars : 0.
16:15 of 1st period - Tobias Rieder wins face-off versus Zac Dalpe in neutral zone.
16:18 of 1st period - Justin Shugg is hit by Tobias Rieder and loses puck.
16:57 of 1st period - Michael Kostka is hit by Brett Ritchie and loses puck.
17:05 of 1st period - Icing by Michael Kostka.
17:06 of 1st period - Joey Hishon wins face-off versus John Albert in Falcons zone.
17:23 of 1st period - Colton Parayko is hit by Alexandre Grenier and loses puck.
18:13 of 1st period - Snap shot by Freddie Hamilton.
18:13 of 1st period - Stopped by Justin Peters with a rebound.
18:24 of 1st period - Off-side.
18:25 of 1st period - Dave Steckel wins face-off versus Zac Dalpe in neutral zone.
19:19 of 1st period - Wrist shot by Miikka Salomaki.
19:19 of 1st period - Stopped by Malcolm Subban with a rebound.
19:21 of 1st period - Slapshot by John Albert.
19:21 of 1st period - Deflect By Alexandre Grenier.
19:21 of 1st period - Shot Blocked by Ville Pokka.
19:21 of 1st period - Puck is out of play.
19:22 of 1st period - Alexandre Grenier wins face-off versus Markus Granlund in Falcons zone.
Goals for this period are 1 for Falcons vs 0 for Stars.
Shots for this period are 5 for Falcons vs 7 for Stars.

2nd period


0:01 of 2nd period - Zach Sill wins face-off versus Tobias Rieder in neutral zone.
0:21 of 2nd period - Minor Penalty to Michael Kostka for Holding.
0:22 of 2nd period - Zach Sill wins face-off versus Tobias Rieder in Falcons zone.
0:36 of 2nd period - Snap shot by Derrick Pouliot.
0:36 of 2nd period - Shot Misses the Net.
0:38 of 2nd period - Slapshot by Zach Sill.
0:38 of 2nd period - Stopped by Malcolm Subban with a rebound.
0:40 of 2nd period - Snap shot by Paul Thompson.
0:40 of 2nd period - Shot Blocked by Markus Granlund.
0:42 of 2nd period - Wrist shot by Zach Sill.
0:42 of 2nd period - Shot Misses the Net.
0:44 of 2nd period - Snap shot by Paul Thompson.
0:44 of 2nd period - Stopped by Malcolm Subban with a rebound.
0:46 of 2nd period - Slapshot by Steven Delisle.
0:46 of 2nd period - Shot Blocked by Nathan Beaulieu.
0:48 of 2nd period - Backhand shot by Derrick Pouliot.
0:48 of 2nd period - Deflect By Paul Thompson.
0:48 of 2nd period - Shot Blocked by Tobias Rieder.
0:48 of 2nd period - Puck is out of play.
0:49 of 2nd period - Zac Dalpe wins face-off versus Tobias Rieder in Falcons zone.
1:16 of 2nd period - Snap shot by Brandon Kozun.
1:16 of 2nd period - Goal by Brandon Kozun - Falcons : 1 - Stars : 1.
1:17 of 2nd period - Zach Sill wins face-off versus Joey Hishon in neutral zone.
1:38 of 2nd period - Wrist shot by Emile Poirier.
1:38 of 2nd period - Shot Misses the Net.
1:40 of 2nd period - Slapshot by Colton Parayko.
1:40 of 2nd period - Deflect By Eric Tangradi.
1:40 of 2nd period - Shot Misses the Net.
1:40 of 2nd period - Puck is out of play.
1:41 of 2nd period - Tobias Rieder wins face-off versus Zac Dalpe in Stars zone.
1:42 of 2nd period - Wrist shot by Jacob De La Rose.
1:42 of 2nd period - Shot Blocked by Brandon Kozun.
1:48 of 2nd period - Snap shot by Jacob De La Rose.
1:48 of 2nd period - Stopped by Justin Peters with a rebound.
1:50 of 2nd period - Backhand shot by Jacob De La Rose.
1:50 of 2nd period - Stopped by Justin Peters with a rebound.
1:52 of 2nd period - Snap shot by Jacob De La Rose.
1:52 of 2nd period - Shot Misses the Net.
1:54 of 2nd period - Wrist shot by Jacob De La Rose.
1:54 of 2nd period - Shot Misses the Net.
2:02 of 2nd period - Wrist shot by Jacob De La Rose.
2:02 of 2nd period - Stopped by Justin Peters with a rebound.
2:04 of 2nd period - Snap shot by Tobias Rieder.
2:04 of 2nd period - Shot Blocked by Austin Madaisky.
2:06 of 2nd period - Snap shot by Jacob De La Rose.
2:06 of 2nd period - Goal by Jacob De La Rose - Falcons : 2 - Stars : 1.
2:07 of 2nd period - Markus Granlund wins face-off versus Zach Sill in neutral zone.
2:16 of 2nd period - Snap shot by Markus Granlund.
2:16 of 2nd period - Stopped by Justin Peters without a rebound.
2:17 of 2nd period - Zach Sill wins face-off versus Markus Granlund in Stars zone.
2:32 of 2nd period - Minor Penalty to Zach Sill for Holding.
2:33 of 2nd period - Brett Ritchie wins face-off versus Freddie Hamilton in Stars zone.
2:48 of 2nd period - Wrist shot by Jacob De La Rose.
2:48 of 2nd period - Shot Misses the Net.
2:50 of 2nd period - Wrist shot by Tobias Rieder.
2:50 of 2nd period - Shot Misses the Net.
3:21 of 2nd period - Slapshot by Markus Granlund.
3:21 of 2nd period - Shot Misses the Net.
4:16 of 2nd period - John Albert is hit by Tobias Rieder and loses puck.
4:32 of 2nd period - Penalty to Zach Sill is over, Zach Sill is back on ice.
4:57 of 2nd period - Minor Penalty to Eric Tangradi for High sticking.
4:58 of 2nd period - Tobias Rieder wins face-off versus Zach Sill in Falcons zone.
4:58 of 2nd period - Tobias Rieder is hit by Steven Delisle.
6:57 of 2nd period - Penalty to Eric Tangradi is over, Eric Tangradi is back on ice.
7:24 of 2nd period - Steven Delisle beats up Eric Tangradi.
7:24 of 2nd period - Penalty to Steven Delisle for Fighting.
7:24 of 2nd period - Penalty to Eric Tangradi for Fighting.
7:25 of 2nd period - John Albert wins face-off versus Emile Poirier in Falcons zone.
7:35 of 2nd period - Icing by Alexandre Grenier.
7:36 of 2nd period - Joey Hishon wins face-off versus John Albert in Stars zone.
9:02 of 2nd period - Snap shot by Tobias Rieder.
9:02 of 2nd period - Shot Blocked by Paul Thompson.
9:41 of 2nd period - Off-side.
9:42 of 2nd period - Zac Dalpe wins face-off versus Joey Hishon in neutral zone.
9:57 of 2nd period - Brandon Kozun is hit by Vincent LoVerde and loses puck.
10:02 of 2nd period - Wrist shot by Greg Rallo.
10:02 of 2nd period - Stopped by Justin Peters with a rebound.
10:08 of 2nd period - Snap shot by Greg Rallo.
10:08 of 2nd period - Shot Blocked by Brandon Kozun.
10:10 of 2nd period - Slapshot by Duncan Siemens.
10:10 of 2nd period - Shot Blocked by Brandon Kozun.
10:55 of 2nd period - Slapshot by Zach Sill.
10:55 of 2nd period - Shot Blocked by Ville Pokka.
11:01 of 2nd period - Austin Madaisky is hit by Ville Pokka and loses puck.
11:36 of 2nd period - Icing by Ville Pokka.
11:37 of 2nd period - Jason Williams wins face-off versus Dave Steckel in Falcons zone.
11:38 of 2nd period - Wrist shot by Paul Thompson.
11:38 of 2nd period - Stopped by Malcolm Subban with a rebound.
11:40 of 2nd period - Slapshot by Brent Sopel.
11:40 of 2nd period - Stopped by Malcolm Subban with a rebound.
11:42 of 2nd period - Slapshot by Jason Williams.
11:42 of 2nd period - Stopped by Malcolm Subban without a rebound.
11:43 of 2nd period - Jason Williams wins face-off versus Dave Steckel in Falcons zone.
12:15 of 2nd period - Wrist shot by Miikka Salomaki.
12:15 of 2nd period - Stopped by Malcolm Subban with a rebound.
12:23 of 2nd period - Derrick Pouliot is hit by Nathan Beaulieu and loses puck.
12:44 of 2nd period - Brandon Kozun is hit by Michael Kostka and loses puck.
12:59 of 2nd period - Wrist shot by Freddie Hamilton.
12:59 of 2nd period - Shot Misses the Net.
13:01 of 2nd period - Slapshot by Colton Parayko.
13:01 of 2nd period - Shot Misses the Net.
13:31 of 2nd period - Snap shot by Markus Granlund.
13:31 of 2nd period - Stopped by Justin Peters without a rebound.
13:32 of 2nd period - Markus Granlund wins face-off versus Zach Sill in Stars zone.
13:35 of 2nd period - Snap shot by Markus Granlund.
13:35 of 2nd period - Shot Blocked by Zach Sill.
15:11 of 2nd period - Off-side.
15:12 of 2nd period - Joey Hishon wins face-off versus John Albert in neutral zone.
16:42 of 2nd period - Snap shot by Jacob De La Rose.
16:42 of 2nd period - Shot Blocked by Derrick Pouliot.
17:02 of 2nd period - Snap shot by Brett Bulmer.
17:02 of 2nd period - Stopped by Justin Peters with a rebound.
17:13 of 2nd period - Slapshot by Zac Dalpe.
17:13 of 2nd period - Deflect By Joey Hishon.
17:13 of 2nd period - Shot Blocked by Ville Pokka.
17:13 of 2nd period - Puck is out of play.
17:14 of 2nd period - Markus Granlund wins face-off versus Zac Dalpe in Falcons zone.
17:23 of 2nd period - Wrist shot by Markus Granlund.
17:23 of 2nd period - Stopped by Justin Peters without a rebound.
17:24 of 2nd period - Markus Granlund wins face-off versus Brett Ritchie in Stars zone.
17:53 of 2nd period - Icing by Steven Delisle.
17:54 of 2nd period - Jacob De La Rose wins face-off versus Zac Dalpe in Stars zone.
18:09 of 2nd period - Wrist shot by Jacob De La Rose.
18:09 of 2nd period - Shot Misses the Net.
18:37 of 2nd period - Wrist shot by Joey Hishon.
18:37 of 2nd period - Deflect By Brett Ritchie.
18:37 of 2nd period - Shot Blocked by Paul Thompson.
18:37 of 2nd period - Puck is out of play.
18:38 of 2nd period - Joey Hishon wins face-off versus Zach Sill in Stars zone.
18:51 of 2nd period - Emile Poirier is hit by Brett Ritchie and loses puck.
19:32 of 2nd period - Wrist shot by Zac Dalpe.
19:32 of 2nd period - Shot Misses the Net.
19:54 of 2nd period - John Albert is hit by Michael Kostka and loses puck.
Goals for this period are 1 for Falcons vs 1 for Stars.
Shots for this period are 9 for Falcons vs 7 for Stars.

3rd period


0:01 of 3rd period - Tobias Rieder wins face-off versus Zach Sill in neutral zone.
0:52 of 3rd period - Michael Kostka is hit by Steven Delisle and loses puck.
0:59 of 3rd period - Wrist shot by Nathan Beaulieu.
0:59 of 3rd period - Shot Misses the Net.
1:01 of 3rd period - Wrist shot by Markus Granlund.
1:01 of 3rd period - Shot Misses the Net.
1:03 of 3rd period - Slapshot by Ville Pokka.
1:03 of 3rd period - Shot Misses the Net.
1:15 of 3rd period - Wrist shot by Greg Rallo.
1:15 of 3rd period - Stopped by Justin Peters with a rebound.
1:17 of 3rd period - Slapshot by Colton Parayko.
1:17 of 3rd period - Stopped by Justin Peters with a rebound.
1:19 of 3rd period - Snap shot by Markus Granlund.
1:19 of 3rd period - Stopped by Justin Peters with a rebound.
1:48 of 3rd period - John Albert is hit by Ville Pokka.
2:08 of 3rd period - Joey Hishon is hit by Alexandre Grenier and loses puck.
2:21 of 3rd period - Slapshot by Jason Williams.
2:21 of 3rd period - Stopped by Malcolm Subban with a rebound.
2:23 of 3rd period - Slapshot by Austin Madaisky.
2:23 of 3rd period - Shot Misses the Net.
2:25 of 3rd period - Wrist shot by Paul Thompson.
2:25 of 3rd period - Shot Misses the Net.
2:27 of 3rd period - Snap shot by Jason Williams.
2:27 of 3rd period - Stopped by Malcolm Subban without a rebound.
2:28 of 3rd period - Jason Williams wins face-off versus Tobias Rieder in Falcons zone.
2:31 of 3rd period - Wrist shot by Paul Thompson.
2:31 of 3rd period - Shot Misses the Net.
3:19 of 3rd period - Snap shot by Greg Rallo.
3:19 of 3rd period - Stopped by Justin Peters with a rebound.
3:41 of 3rd period - Wrist shot by Brandon Kozun.
3:41 of 3rd period - Shot Blocked by Markus Granlund.
3:43 of 3rd period - Snap shot by Brandon Kozun.
3:43 of 3rd period - Shot Blocked by Duncan Siemens.
3:45 of 3rd period - Snap shot by Brandon Kozun.
3:45 of 3rd period - Shot Blocked by Greg Rallo.
3:47 of 3rd period - Snap shot by Derrick Pouliot.
3:47 of 3rd period - Shot Blocked by Markus Granlund.
4:15 of 3rd period - Wrist shot by Tobias Rieder.
4:15 of 3rd period - Shot Misses the Net.
4:33 of 3rd period - Brett Bulmer is hit by Miikka Salomaki and loses puck.
5:18 of 3rd period - Wrist shot by Zach Sill.
5:18 of 3rd period - Shot Blocked by Slater Koekkoek.
5:20 of 3rd period - Snap shot by Zach Sill.
5:20 of 3rd period - Stopped by Malcolm Subban without a rebound.
5:21 of 3rd period - Tobias Rieder wins face-off versus Brett Ritchie in Falcons zone.
6:08 of 3rd period - Wrist shot by Miikka Salomaki.
6:08 of 3rd period - Stopped by Malcolm Subban with a rebound.
6:42 of 3rd period - Wrist shot by Markus Granlund.
6:42 of 3rd period - Stopped by Justin Peters with a rebound.
6:44 of 3rd period - Snap shot by Markus Granlund.
6:44 of 3rd period - Shot Misses the Net.
6:46 of 3rd period - Slapshot by Duncan Siemens.
6:46 of 3rd period - Shot Blocked by Cameron Gaunce.
6:48 of 3rd period - Slapshot by Drayson Bowman.
6:48 of 3rd period - Stopped by Justin Peters with a rebound.
7:24 of 3rd period - John Albert is hit by Jacob De La Rose and loses puck.
8:33 of 3rd period - Wrist shot by Zach Sill.
8:33 of 3rd period - Shot Blocked by Dave Steckel.
8:47 of 3rd period - Zac Dalpe is hit by Vincent LoVerde and loses puck.
8:59 of 3rd period - Greg Rallo is hit by Nicolas Blanchard.
9:17 of 3rd period - Snap shot by Jason Williams.
9:17 of 3rd period - Stopped by Malcolm Subban with a rebound.
9:19 of 3rd period - Snap shot by Brandon Kozun.
9:19 of 3rd period - Stopped by Malcolm Subban with a rebound.
9:21 of 3rd period - Snap shot by Jason Williams.
9:21 of 3rd period - Shot Blocked by Ville Pokka.
9:41 of 3rd period - Slapshot by Alexandre Grenier.
9:41 of 3rd period - Stopped by Malcolm Subban without a rebound.
9:42 of 3rd period - Eric Tangradi wins face-off versus John Albert in Falcons zone.
9:53 of 3rd period - Snap shot by Freddie Hamilton.
9:53 of 3rd period - Stopped by Justin Peters with a rebound.
10:10 of 3rd period - Jacob De La Rose is hit by Brent Sopel and loses puck.
10:15 of 3rd period - Wrist shot by Paul Thompson.
10:15 of 3rd period - Stopped by Malcolm Subban with a rebound.
10:17 of 3rd period - Wrist shot by Paul Thompson.
10:17 of 3rd period - Shot Misses the Net.
10:30 of 3rd period - Icing by Cameron Gaunce.
10:31 of 3rd period - Zac Dalpe wins face-off versus Joey Hishon in Stars zone.
10:43 of 3rd period - Ville Pokka is hit by Brandon Kozun and loses puck.
11:26 of 3rd period - Minor Penalty to Drayson Bowman for Roughing.
11:27 of 3rd period - Zach Sill wins face-off versus Tobias Rieder in Falcons zone.
12:52 of 3rd period - Justin Shugg is hit by Freddie Hamilton and loses puck.
13:17 of 3rd period - Snap shot by Alexandre Grenier.
13:17 of 3rd period - Shot Misses the Net.
13:26 of 3rd period - Penalty to Drayson Bowman is over, Drayson Bowman is back on ice.
13:27 of 3rd period - Nathan Beaulieu is hit by Justin Shugg and loses puck.
13:38 of 3rd period - Wrist shot by Zac Dalpe.
13:38 of 3rd period - Shot Misses the Net.
13:40 of 3rd period - Snap shot by Zac Dalpe.
13:40 of 3rd period - Shot Blocked by Freddie Hamilton.
14:18 of 3rd period - Off-side.
14:19 of 3rd period - Jason Williams wins face-off versus Markus Granlund in neutral zone.
14:22 of 3rd period - Markus Granlund is hit by Brett Ritchie.
14:26 of 3rd period - Jason Williams is hit by Markus Granlund and loses puck.
15:03 of 3rd period - Tobias Rieder is hit by Austin Madaisky.
15:20 of 3rd period - Brandon Kozun is hit by Colton Parayko and loses puck.
16:46 of 3rd period - Icing by Paul Thompson.
16:47 of 3rd period - Jason Williams wins face-off versus Joey Hishon in Stars zone.
17:02 of 3rd period - Joey Hishon is hit by Alexandre Grenier and loses puck.
17:37 of 3rd period - Brent Sopel is hit by Eric Tangradi and loses puck.
17:58 of 3rd period - Ville Pokka is hit by John Albert and loses puck.
18:13 of 3rd period - Michael Kostka is hit by Miikka Salomaki and loses puck.
18:35 of 3rd period - Icing by Paul Thompson.
18:36 of 3rd period - Dave Steckel wins face-off versus Zach Sill in Stars zone.
18:37 of 3rd period - Wrist shot by Tobias Rieder.
18:37 of 3rd period - Shot Misses the Net.
19:04 of 3rd period - Brandon Kozun is hit by Ville Pokka and loses puck.
19:11 of 3rd period - Stars, Justin Peters is pulled from the net.
19:23 of 3rd period - Snap shot by Zach Sill.
19:23 of 3rd period - Stopped by Malcolm Subban with a rebound.
19:25 of 3rd period - Snap shot by Derrick Pouliot.
19:25 of 3rd period - Shot Misses the Net.
19:27 of 3rd period - Wrist shot by Zach Sill.
19:27 of 3rd period - Shot Blocked by Colton Parayko.
19:29 of 3rd period - Snap shot by Austin Madaisky.
19:29 of 3rd period - Shot Misses the Net.
19:53 of 3rd period - Snap shot by Zac Dalpe.
19:53 of 3rd period - Shot Misses the Net.
19:55 of 3rd period - Snap shot by Zach Sill.
19:55 of 3rd period - Shot Misses the Net.
Goals for this period are 0 for Falcons vs 0 for Stars.
Shots for this period are 7 for Falcons vs 9 for Stars.